cohdb
Replays
Latest Replays
All Replays
Popular Replays
Top Player Replays
Match Explorer
How It Works
Community
CoH3 Stats
Reddit
Sign in to upload your games and track your stats! →
Sign in with Steam
Match 46716727
Unlisted
Match 46716727
Overview
Messages
Build Orders
End
Engineer Squad
Selects Special Operations Battlegroup
Construct Weapon Support Center
Bazooka Squad
M1919 Machine Gun Team
Construct Barracks
Improved M9 Bazooka Rockets
Riflemen Squad
M1 Mortar Team
Mechanized Support Center
Grenade Package
Selects Raiding Flares
Construct Motor Pool
Selects SSF Commando Squad
M8 Greyhound Armored Car
M3 Armored Personnel Carrier
M8 Greyhound Armored Car
Selects M29 Weasel with M1 Pack Howitzer
SSF Commando Squad
Construct Tank Depot
Selects P-47 Anti-Infantry Loiter
M1 Anti-tank Gun Team
M18 Hellcat Tank Destroyer
P-47 Anti-Infantry Loiter
SSF Commando Squad
Or1on
♛The*Real*LOLO♛
Kray-Tos
Kirill von Bibow
Casul
ter
0
0
Comments
sign in to comment!
No comments posted yet!